 Dungeon Crawl Stone Soup version 0.29.1-1-gd02db6906a (webtiles) character file.

Game seed: 5059448975735332574

67 Ashen the Chiller (level 3, 0/26 HPs)
             Began as a Demonspawn Ice Elementalist on Oct 3, 2022.
             Killed by divine providence
             ... invoked by an orc priest
              (12 damage)
             ... on level 3 of the Dungeon.
             The game lasted 00:03:39 (2377 turns).

Ashen the Chiller (Demonspawn Ice Elementalist)     Turns: 2377, Time: 00:03:39

Health: 0/26       AC:  2    Str:  8    XL:     3   Next: 98%
Magic:  4/7        EV: 12    Int: 18    God:
Gold:   154        SH:  0    Dex: 13    Spells: 0/7 levels left

rFire   . . .      SeeInvis .   c - +0 whip
rCold   . . .      Faith    .   (no shield)
rNeg    . . .      Spirit   .   a - +0 robe
rPois   .          Reflect  .   (no helmet)
rElec   .          Harm     .   (no cloak)
rCorr   .          Rampage  .   (no gloves)
Will    .....                   (no boots)
Stlth   ++........              f - amulet of magic regeneration
HPRegen 0.08/turn               (no ring)
MPRegen 0.50/turn               (no ring)

@: freezing walls, very slightly contaminated
A: hooves 1, demonic guardian 1
a: no special abilities


You were on level 3 of the Dungeon.
You visited 1 branch of the dungeon, and saw 3 of its levels.

You collected 154 gold pieces.

Inventory:

Hand Weapons
 c - a +0 whip (weapon)
Armour
 a - a +0 robe (worn)
Jewellery
 f - an amulet of magic regeneration (around neck)
 o - an amulet of the acrobat
Scrolls
 d - 2 scrolls of enchant weapon {unknown}
 e - a scroll of poison {unknown}
 g - 3 scrolls of identify {unknown}
 i - a scroll of immolation {unknown}
 k - a scroll of fear {unknown}
 l - a scroll of teleportation {unknown}
Potions
 b - a potion of magic
 h - a potion of brilliance {unknown}
 j - a potion of haste {unknown}
 m - a potion of curing
 n - a potion of berserk rage {unknown}
 p - a potion of heal wounds {unknown}


   Skills:
 + Level 1.1 Fighting
 + Level 2.1 Dodging
 + Level 2.1 Stealth
 * Level 2.8 Spellcasting
 * Level 4.0 Ice Magic


You couldn't memorise any spells.
You knew the following spells:

 Your Spells              Type           Power      Damage    Failure   Level
a - Freeze                Ice            68%        1d8       3%          1
b - Frozen Ramparts       Ice            34%        1d6       10%         3
c - Ozocubu's Armour      Ice            17%        N/A       10%         3

Your spell library contained the following spells:

 Spells                   Type           Power      Damage    Failure   Level
 Scorch                   Fire           4%         2d5       26%         2
 Conjure Flame            Conj/Fire      2%         6-21      45%         3
 Ignite Poison            Fire/Tmut/Pois 2%         N/A       45%         3
 Hailstorm                Conj/Ice       9%         3d4       56%         4
 Flame Wave               Conj/Fire      2%         2d4       86%         4
 Olgreb's Toxic Radiance  Pois           2%         N/A       86%         4
 Sticky Flame             Conj/Fire      2%         2d3       86%         4
 Summon Cactus Giant      Summ           1%         N/A       100%        6
 Ozocubu's Refrigeration  Ice            8%         4d9       100%        7
 Ignition                 Fire           1%         3d3       100%        8


Dungeon Overview and Level Annotations

Branches:
Dungeon (3/15)

Altars:


Innate Abilities, Weirdness & Mutations

You have large cloven feet.
A weak demonic guardian rushes to your aid.


Message History

An orc, an orc priest and a frilled lizard come into view.
The orc priest shouts!
The orc shouts! x2; The frilled lizard hisses angrily.
You hear a shout!
Casting: Freeze (safe; 3% risk of failure)
Confirm with . or Enter, or press ? or * to list all spells.
Aiming: Freeze (safe; 3% risk of failure)
Press: ? - help, Shift-Dir - straight line, f - orc
Aim: an orc, wielding a +2 dagger of venom You miscast Freeze.
You are very lightly contaminated with residual magic.
Nothing appears to happen.
The orc hits you with a +2 dagger of venom.
Casting: Freeze (safe; 3% risk of failure)
Confirm with . or Enter, or press ? or * to list all spells.
The spell is quite dangerous to miscast (10% risk of failure)!
Continue anyway?
Casting: Frozen Ramparts (quite dangerous; 10% risk of failure)
Press: ? - help, Dir - look around, f - activate The walls around you are covered in ice.
The wall freezes the orc.
The orc closely misses you.
The wall freezes the orc.
An orc priest comes into view. It is wielding a +0 club.
Unknown command.
Casting: Frozen Ramparts (quite dangerous; 10% risk of failure)
Confirm with . or Enter, or press ? or * to list all spells.
Aiming: Freeze (safe; 3% risk of failure)
Press: ? - help, Shift-Dir - straight line, f - orc
Aim: an orc, wielding a +2 dagger of venom (moderately wounded)
You freeze the orc.
You kill the orc!
The wall freezes the orc. x2
You kill the orc!
The orc priest mumbles some strange prayers to Beogh against you.
Beogh smites you!
Ouch! That really hurt!
A demonic guardian appears!
The wall freezes the orc.
A goblin comes into view. It is wielding a +0 club.
The wall freezes the orc.
You kill the orc!
The orc priest invokes the aid of Beogh against you.
Beogh smites you!
You die... .# ##. .lg

.## #o. .... #o#
...# #)# ...# ###
#)# ##..#
#....#@####...#####
#.....5............
........##.......##
.......##.........#
.....<. +.........+
.###.## #...†.....#
## ##.......##
##......# ##...#.#


You could see 2 orc priests, a goblin, a frilled lizard and a friendly white imp
(summoned).

Vanquished Creatures
  2 worms (D:2)
  A dart slug (D:1)
  4 orcs (D:3)
  5 bats
  3 endoplasms
  4 giant cockroaches
  6 goblins
  2 hobgoblins (D:2)
  2 jackals (D:1)
  3 quokkas
  6 ball pythons
  3 frilled lizards
  4 kobolds
  6 rats
51 creatures vanquished.

Vanquished Creatures (collateral kills)
  A hobgoblin (D:2)
1 creature vanquished.

Grand Total: 52 creatures vanquished

Notes
Turn   | Place    | Note
-------+----------+-------------------------------------------
     0 | D:1      | Ashen the Demonspawn Ice Elementalist began the quest for
                  | the Orb.
     0 | D:1      | Reached XP level 1. HP: 13/13 MP: 3/3
   329 | D:1      | Found a faded altar of an unknown god.
   333 | D:1      | Gained mutation: You have large cloven feet. [demonic
                  | ancestry]
   333 | D:1      | Reached XP level 2. HP: 20/20 MP: 3/5
   901 | D:2      | Gained mutation: A weak demonic guardian rushes to your
                  | aid. [demonic ancestry]
   901 | D:2      | Reached XP level 3. HP: 21/25 MP: 4/6
  1417 | D:2      | Reached skill level 4 in Ice Magic
  1427 | D:2      | Reached skill level 1 in Fighting
  2037 | D:2      | Learned a level 3 spell: Frozen Ramparts
  2041 | D:2      | Learned a level 3 spell: Ozocubu's Armour
  2377 | D:3      | Killed from afar by an orc priest

Illustrated notes

Levels and vault maps discovered:
D:1:      dpeg_arrival_arbitrary_b, layout_rooms, ebering_ecumenical_altar_rust
D:2:      layout_loops_ring, minmay_tetromino_s2
D:3:      minmay_diamond_boxcup, layout_loops_corners, ebering_ghost_rock_garden

Skill      XL: |  1  2  3 |
---------------+----------+-----
Dodging        | 2 |  2.1
Stealth        | 2 |  2.1
Ice Magic      | 4 |  4.0
Fighting       | 1 |  1.1
Spellcasting   | |  2.8

Action                   || total
-------------------------++-------
Melee: Unarmed           ||     3
       Whip              ||    34
       Kick              ||    10
 Cast: Freeze            ||    58
       Frozen Ramparts   ||     1
 Stab: Sleeping          ||     4
       Distracted        ||     1
Armor: Robe              ||    11
Dodge: Dodged            ||    54
